 Dungeon Crawl Stone Soup version 0.30.1 (webtiles) character file.

Game seed: 17925230218242982147

8 Gorgoleon the Caller (level 2, 15/15 HPs)
             Began as a Deep Elf Summoner on July 14, 2023.
             Quit the game on level 1 of the Dungeon.
             The game lasted 00:02:44 (326 turns).

Gorgoleon the Caller (Deep Elf Summoner)             Turns: 326, Time: 00:02:45

Health: 15/15      AC:  2    Str:  5    XL:     2   Next: 0%
Magic:  5/8        EV: 12    Int: 19    God:
Gold:   34         SH:  0    Dex: 15    Spells: 6/7 levels left

rFire   . . .        (no weapon)
rCold   . . .        (no shield)
rNeg    . . .        a - +0 robe
rPois   .            (no helmet)
rElec   .            (no cloak)
rCorr   .            (no gloves)
SInv    .            (no boots)
Will    .....        (no amulet)
Stlth   ++           (no ring)
HPRegen 0.22/turn    (no ring)
MPRegen 0.11/turn

%: no passive effects
@: no status effects
A: no striking features
a: no special abilities


You were on level 1 of the Dungeon.
You visited 1 branch of the dungeon, and saw 1 of its levels.

You collected 34 gold pieces.

Inventory:

Armour
 a - a +0 robe (worn)
Scrolls
 c - 3 scrolls of noise {unknown}
 d - a scroll of magic mapping {unknown}
 e - a scroll of identify {unknown}
Potions
 b - a potion of magic


   Skills:
 + Level 2.6 Dodging
 + Level 2.7 Stealth
 + Level 3.0 Spellcasting
 + Level 4.6 Summonings


You had 6 spell levels left.
You knew the following spells:

 Your Spells              Type           Power      Damage    Failure   Level
a - Summon Small Mammal   Summ           80%        N/A       2%          1

Your spell library contained the following spells:

 Spells                   Type           Power      Damage    Failure   Level
 Call Imp                 Summ           40%        N/A       3%          2
 Call Canine Familiar     Summ           20%        N/A       7%          3
 Summon Guardian Golem    Hex/Summ       11%        N/A       17%         3
 Summon Lightning Spire   Summ/Air       11%        N/A       50%         4


Dungeon Overview and Level Annotations

Branches:
Dungeon (1/15)

Altars:


Message History

Your bat hits the hobgoblin. The hobgoblin misses your bat.
Your bat closely misses the hobgoblin.
Your bat barely misses the hobgoblin.
Your bat completely misses the hobgoblin.
The hobgoblin hits your bat.
Your bat barely misses the hobgoblin.
Your bat hits the hobgoblin but does no damage.
Casting: Summon Small Mammal (safe; 2% risk of failure)
Confirm with . or Enter, or press ? or * to list all spells.
Your bat barely misses the hobgoblin.
The hobgoblin closely misses your bat.
Your bat barely misses the hobgoblin.
Your bat hits the hobgoblin.
You swap places.
The hobgoblin closely misses your bat.
Your bat hits the hobgoblin but does no damage.
Your bat barely misses the hobgoblin.
The hobgoblin hits your bat.
Your bat dies!
Your bat's corpse disappears in a puff of smoke!
Your bat hits the hobgoblin but does no damage.
The hobgoblin barely misses your bat.
Your bat closely misses the hobgoblin.
Your bat hits the hobgoblin but does no damage.
The hobgoblin hits your bat.
Your bat dies!
Your bat's corpse disappears in a puff of smoke!
Casting: Summon Small Mammal (safe; 2% risk of failure)
Confirm with . or Enter, or press ? or * to list all spells.
The hobgoblin completely misses you. The hobgoblin attacks as you move away!
The hobgoblin misses you.
You swap places.
Your quokka bites the hobgoblin.
The hobgoblin hits your quokka but does no damage.
There is an open door here.
Your quokka bites the hobgoblin but does no damage.
The hobgoblin hits your quokka.
Your quokka bites the hobgoblin but does no damage.
The hobgoblin barely misses your quokka.
Your quokka closely misses the hobgoblin.
Your quokka bites the hobgoblin but does no damage.
The hobgoblin misses your quokka.
Your quokka bites the hobgoblin.
The hobgoblin dies!
You have reached level 2!
Are you sure you want to abandon this character and quit the game? (Confirm with "yes".)

###########
##..........
#........#
#........#
#........#
#.@......#
##'###'### #r#
#.######## #†#
#.#......# #.#
#........# #.#
###......#####
#.##.............#
#.##.######.......
#.## #...........#


You could see a friendly quokka (summoned).

Vanquished Creatures (collateral kills)
  2 endoplasms (D:1)
  2 giant cockroaches (D:1)
  A hobgoblin (D:1)
  A bat (D:1)
  A rat (D:1)
7 creatures vanquished.

Notes
Turn   | Place    | Note
-------+----------+-------------------------------------------
     0 | D:1      | Gorgoleon the Deep Elf Summoner began the quest for the
                  | Orb.
     0 | D:1      | Reached XP level 1. HP: 10/10 MP: 6/6
   326 | D:1      | Reached XP level 2. HP: 15/15 MP: 5/8
   326 | D:1      | Quit the game

Illustrated notes

Levels and vault maps discovered:
D:1:      dpeg_arrival_pits, layout_basic

Action                     || total
---------------------------++-------
  Melee: Unarmed           ||    23
   Cast: Summon Small Mamm ||    14
 Armour: Robe              ||    10
  Dodge: Dodged            ||    24
